 Dungeon Crawl Stone Soup version 0.21.1-1-g345015f (webtiles) character file.

441 Amnesiac the Ducker (level 6, -2/48 HPs)
             Began as a Mummy Necromancer on Mar 12, 2018.
             Slain by Duvessa
             ... wielding a +2 short sword of venom
              (10 damage)
             ... on level 4 of the Dungeon.
             The game lasted 00:10:08 (5880 turns).

Amnesiac the Ducker (Mummy Necromancer)             Turns: 5880, Time: 00:10:09

Health: -2/48      AC:  3    Str: 11    XL:     6   Next: 71%
Magic:  1/10       EV: 15    Int: 16    God:
Gold:   174        SH:  0    Dex: 20    Spells: 1/10 levels left

rFire    x . .     SeeInvis .   o - +6 dagger "Xaozxunt" {venom, Dex+7}
rCold    + . .     Gourm    .   (no shield)
rNeg     + + +     Faith    .   a - +1 robe
rPois    ∞         Spirit   .   (no helmet)
rElec    .         Reflect  .   (no cloak)
rCorr    .         Harm     .   (no gloves)
MR       .....                  (no boots)
Stlth    ++........             (no amulet)
HPRegen  0.16/turn              (no ring)
MPRegen  0.12/turn              (no ring)

@: no status effects
A: no food or potions, fire vulnerability, cold resistance 1, negative energy
resistance 3, torment resistance, unbreathing
a: no special abilities


You were on level 4 of the Dungeon.
You were not hungry.

You visited 1 branch of the dungeon, and saw 4 of its levels.

You collected 174 gold pieces.

Inventory:

Hand Weapons
 l - a +0 hunting sling
 o - the +6 dagger "Xaozxunt" (weapon) {venom, Dex+7}
   (You took it off a gnoll on level 4 of the Dungeon)

   It poisons the flesh of those it strikes.
   It affects your dexterity (+7).
Missiles
 e - 166 stones (quivered)
 h - 17 poisoned needles
 q - 12 sling bullets
Armour
 a - a +1 robe (worn)
Wands
 j - a wand of enslavement (17)
Scrolls
 c - 2 scrolls of teleportation {!r}
 i - a scroll of enchant armour {!r}
 m - a scroll of fog {!r}
 n - a scroll of remove curse {!r}
Books
 b - a book of Necromancy

   Spells                             Type                      Level
   a - Pain                           Necromancy                   1
   b - Animate Skeleton               Necromancy                   1
   c - Vampiric Draining              Necromancy                   3
   d - Regeneration                   Charms/Necromancy            3
   e - Animate Dead                   Necromancy                   4
   f - Borgnjor's Vile Clutch         Necromancy/Earth             5


   Skills:
 + Level 4.1 Fighting
 * Level 4.8 Dodging
 - Level 1.5 Stealth
 - Level 2.6 Spellcasting
 - Level 4.0 Necromancy


You had one spell level left.
You knew the following spells:

 Your Spells              Type           Power        Failure   Level  Hunger
a - Pain                  Necr           ##..         3%          1    N/A
b - Borgnjor's Vile Clut  Necr/Erth      #.........   93%         5    N/A
d - Vampiric Draining     Necr           ##........   11%         3    N/A

Dungeon Overview and Level Annotations

Branches:
Dungeon (4/15)
 Temple: D:4-7

Altars:

Annotations:
D:4 Duvessa


Innate Abilities, Weirdness & Mutations

You do not eat or drink.
Your flesh is vulnerable to fire.
You are immune to poison.
Your flesh is cold resistant. (rC+)
You are immune to negative energy. (rN+++)
You are immune to unholy pain and torment.
You can survive without breathing.


Message History

You hit Dowan.
Dowan looks as sick as possible!
Dowan is moderately wounded.
Dowan hits you but does no damage.
You hit Dowan.
Dowan is heavily wounded.
Dowan hits you but does no damage. Duvessa says, "Did you see that move?
Perfect!"
You hit Dowan.
Dowan looks as sick as possible!
Dowan is severely wounded.
Dowan says, "My weaknesses are her strengths!"
Dowan casts a spell at you. The puff of frost hits you! You resist.
You kill Dowan!
Duvessa screams in rage.
Duvessa goes berserk!
Your Fighting skill increases to level 4!
You hit Duvessa but do no damage.
Duvessa is poisoned.
Duvessa hits you with a short sword of venom!
You hit Duvessa.
Duvessa is lightly wounded.
Duvessa hits you with a short sword of venom.
Duvessa misses you.
You hit Duvessa but do no damage.
Duvessa is lightly wounded.
Duvessa closely misses you.
Casting: Vampiric Draining
Confirm with . or Enter, or press ? or * to list all spells.
Aiming: Vampiric Draining
Press: ? - help, Shift-Dir - straight line, f - Duvessa
Aim: Duvessa, wielding a short sword of venom, wearing a chain mail and carrying a wand of flame (32) (lightly wounded, berserk, fast, unusually strong, poisoned) Duvessa is moderately wounded.
You feel life coursing into your body. Duvessa misses you.
Duvessa closely misses you.
You hit Duvessa.
Duvessa is heavily wounded.
Duvessa hits you with a short sword of venom.
You hit Duvessa but do no damage.
Duvessa looks as sick as possible!
Duvessa is heavily wounded.
Duvessa barely misses you. Duvessa misses you.
You closely miss Duvessa.
Duvessa is heavily wounded.
Duvessa is no longer moving quickly.
Duvessa hits you with a short sword of venom!
* * * LOW HITPOINT WARNING * * *
Casting: Vampiric Draining
Confirm with . or Enter, or press ? or * to list all spells.
Aiming: Vampiric Draining
Press: ? - help, Shift-Dir - straight line, f/p - Duvessa
Aim: Duvessa, wielding a short sword of venom, wearing a chain mail and carrying a wand of flame (32) (heavily wounded, berserk, fast, unusually strong, poisoned) Duvessa is severely wounded.
You feel life coursing into your body.
Duvessa hits you with a short sword of venom!
* * * LOW HITPOINT WARNING * * *
Duvessa hits you with a short sword of venom!
* * * LOW HITPOINT WARNING * * *
Casting: Vampiric Draining
Confirm with . or Enter, or press ? or * to list all spells.
Aiming: Vampiric Draining
Press: ? - help, Shift-Dir - straight line, f/p - Duvessa
Aim: Duvessa, wielding a short sword of venom, wearing a chain mail and carrying a wand of flame (32) (severely wounded, berserk, fast, unusually strong, poisoned) Duvessa is almost dead.
You feel life coursing into your body.
Duvessa hits you with a short sword of venom!
You die...

#...# #.#.# #.#.# #.#.# ###
#.#.## ..#### #..... .....#
#.....
..##.#######################.....
..##.##>....))[)@e)..............
..##.##.#.#######.########.#<....
..##.##...#....##.# #..#....
..##.#####.....##.# ##.#####
.........#..#####.# #..# #
.........#........# ##.## #
.........#...###### #######..###
##...........# #........e..
.............# #...........


You could see Duvessa (berserk).

Vanquished Creatures
  An ogre (D:3)
  Dowan (D:4)
  A scorpion (D:4)
  A gnoll shaman (D:4)
  A centaur skeleton (D:2)
  5 gnolls (D:4)
  6 adders
  2 worms
  3 dart slugs
  6 leopard geckos
  An orc (D:4)
  2 giant cockroaches
  8 goblins
  8 hobgoblins
  6 jackals
  14 kobolds
  5 quokkas
  A ball python (D:4)
  3 bats
  7 frilled lizards
  A leopard gecko skeleton (D:4)
  11 rats
94 creatures vanquished.

Vanquished Creatures (others)
  2 plants (D:1)
2 creatures vanquished.

Grand Total: 96 creatures vanquished

Notes
Turn   | Place    | Note
-------+----------+-------------------------------------------
     0 | D:1      | Amnesiac the Mummy Necromancer began the quest for the Orb.
     0 | D:1      | Reached XP level 1. HP: 13/13 MP: 4/4
   260 | D:1      | Reached skill level 1 in Fighting
   391 | D:1      | Reached XP level 2. HP: 21/21 MP: 3/5
  1485 | D:2      | Reached XP level 3. HP: 23/27 MP: 0/7
  1518 | D:2      | Learned a level 3 spell: Vampiric Draining
  2972 | D:2      | Reached XP level 4. HP: 34/34 MP: 3/8
  4189 | D:3      | Reached XP level 5. HP: 40/40 MP: 9/9
  4219 | D:3      | Noticed an ogre
  4225 | D:3      | Killed an ogre
  4949 | D:4      | Reached XP level 6. HP: 39/47 MP: 10/10
  5237 | D:4      | Got a scorched dagger {venom}
  5238 | D:4      | Identified the +6 dagger "Xaozxunt" {venom, Dex+7} (You took it off a gnoll on level 4 of the Dungeon)
  5458 | D:4      | Noticed Dowan
  5460 | D:4      | Noticed Duvessa
  5587 | D:4      | Learned a level 5 spell: Borgnjor's Vile Clutch
  5871 | D:4      | Killed Dowan
  5880 | D:4      | Slain by Duvessa

Skill      XL: |  1  2  3  4  5  6 |
---------------+-------------------+-----
Fighting       | 1 2 3 4 |  4.1
Dodging        | 2 3 4 |  4.8
Stealth        | |  1.5
Spellcasting   | |  2.6
Necromancy     | |  4.0

Action                   |  1- 3 |  4- 6 || total
-------------------------+-------+-------++-------
Melee: Unarmed           |    59 |       ||    59
       Dagger            |       |    19 ||    19
 Fire: Hunting sling     |       |   221 ||   221
 Cast: Pain              |    79 |    19 ||    98
       Vampiric Draining |     7 |    11 ||    18
  Use: Scroll            |       |     9 ||     9
Armor: Robe              |     8 |    17 ||    25
Dodge: Dodged            |    57 |   124 ||   181
